 Dungeon Crawl Stone Soup version 0.27-a0-906-g0a00ce863d (webtiles) character file.

Game seed: 6311974949268588766

9 Alarkh the Insei (level 2, 20/22 HPs)
             Began as a Demonspawn Gladiator on Apr 6, 2021.
             Got out of the dungeon alive.
             The game lasted 00:00:20 (433 turns).

Alarkh the Insei (Demonspawn Gladiator)              Turns: 433, Time: 00:00:20

Health: 20/22      AC:  7    Str: 14    XL:     2   Next: 3%
Magic:  2/2        EV: 12    Int:  9    God:
Gold:   0          SH:  0    Dex: 14    Spells: 1/1 levels left

rFire    . . .     SeeInvis .     - Unarmed
rCold    . . .     Faith    .   (no shield)
rNeg     . . .     Spirit   .   a - +0 leather armour
rPois    .         Reflect  .   b - +0 helmet
rElec    .         Harm     .   e - +2 cloak
rCorr    .         Rampage  .   (no gloves)
Will     .....                  (no boots)
Stlth    +.........             (no amulet)
HPRegen  0.07/turn              (no ring)
MPRegen  0.08/turn              (no ring)

@: no status effects
A: talons 1
a: no special abilities


You escaped.
You visited 1 branch of the dungeon, and saw 1 of its levels.

Inventory:

Missiles
 c - 3 throwing nets (quivered)
 d - 6 boomerangs of dispersal
Armour
 a - a +0 leather armour (worn)
 b - a +0 helmet (worn)
 e - a +2 cloak (worn)


   Skills:
 + Level 2.2 Fighting
 - Level 1.7 Throwing
 - Level 2.6 Dodging
 * Level 3.1 Unarmed Combat


You had one spell level left.
You didn't know any spells.
Your spell library was empty.

Dungeon Overview and Level Annotations

Branches:
Dungeon (1/15)

Altars:


Innate Abilities, Weirdness & Mutations

You have sharp toenails.


Message History

You hit the endoplasm but do no damage.
The endoplasm is heavily wounded.
The endoplasm freezes you.
You are frozen.
You hit the endoplasm but do no damage.
The endoplasm is heavily wounded.
The endoplasm hits you.
You are too injured to fight recklessly!
You are too injured to fight recklessly!
You are too injured to fight recklessly!
You are too injured to fight recklessly!
You are too injured to fight recklessly!
An endoplasm is nearby!
You barely miss the endoplasm.
The endoplasm is heavily wounded.
The endoplasm closely misses you.
You hit the endoplasm.
The endoplasm is heavily wounded.
The endoplasm freezes you.
You are frozen.
You hit the endoplasm.
The endoplasm is almost dead.
The endoplasm hits you but does no damage.
You barely miss the endoplasm.
The endoplasm is almost dead.
The endoplasm freezes you.
You are frozen.
You hit the endoplasm.
You kill the endoplasm!
You have reached level 2!
Your demonic ancestry asserts itself...
Your toenails lengthen and sharpen.
You start resting.
HP restored.
There is an open door here.
You see here a +0 dagger.
You see here a jackal skeleton.
There is a staircase leading out of the dungeon here.
Are you sure you want to leave the Dungeon?
This will make you lose the game!
You have escaped!

##≈≈≈.≈≈≈≈≈≈#.#.###....
##≈≈≈≈≈.≈≈≈≈≈≈.....'....
##≈≈≈≈≈≈.≈≈≈≈≈≈≈#.###....
#≈≈≈8≈≈.≈≈≈≈≈8≈≈≈ +....
#≈≈≈≈≈.≈≈≈≈≈≈≈≈≈ #....
#≈≈≈≈≈.≈≈≈≈≈≈≈≈≈ ##.#.
#≈≈≈≈≈.≈≈≈≈≈≈≈≈≈ #.#.
#≈≈≈≈≈≈..>≈≈≈≈≈≈ #.#.
..≈≈≈≈≈≈≈@..≈≈≈≈≈ .#
#.≈≈≈≈≈≈≈≈≈≈.≈≈≈≈
#.≈≈≈≈≈≈≈≈≈≈.≈≈≈≈
##≈≈≈≈≈≈≈≈≈≈.≈≈≈≈
#≈≈≈8≈≈≈≈≈.≈≈8≈≈
##≈≈≈≈≈≈≈.≈≈≈≈≈≈
##≈≈≈≈≈≈.≈≈≈≈≈#
##≈≈≈≈≈≈.≈≈≈..


There were no monsters in sight!

Vanquished Creatures
  A dart slug (D:1)
  2 endoplasms (D:1)
  2 jackals (D:1)
  A kobold (D:1)
6 creatures vanquished.

Notes
Turn   | Place    | Note
-------+----------+-------------------------------------------
     0 | D:1      | Alarkh the Demonspawn Gladiator began the quest for the
                  | Orb.
     0 | D:1      | Reached XP level 1. HP: 16/16 MP: 1/1
    65 | D:1      | Reached skill level 3 in Unarmed Combat
   264 | D:1      | Gained mutation: You have sharp toenails. [demonic
                  | ancestry]
   264 | D:1      | Reached XP level 2. HP: 8/22 MP: 2/2
   433 | D:$      | Got out of the dungeon alive.

Illustrated notes

Levels and vault maps discovered:
D:1:      nzn_arrival_water_spiral, layout_basic, minmay_misc_feat_plants

Skill      XL: |  1 |
---------------+----+-----
Unarmed Combat | 3 |  3.1
Fighting       | |  2.2
Throwing       | |  1.7
Dodging        | |  2.6

Action                   || total
-------------------------++-------
Melee: Unarmed           ||    32
       Punch             ||     1
 Stab: Sleeping          ||     1
Armor: Leather armour    ||     4
Dodge: Dodged            ||    14

Table legend: (Time is in decaauts)
 A = Elapsed time spent in this place.
 B = Non-inter-level travel time spent in this place.
 C = Inter-level travel time spent in this place.
 D = Time resting spent in this place.
 E = Time spent auto-exploring this place.
 F = Levels seen in this place.
 G = Mean time per level.
                   A        B        C        D        E       F      G
               +--------+--------+--------+--------+--------+-----+--------+
         Total |    431 |    385 |     46 |    257 |     63 |   1 |  431.0 |
       Dungeon |    431 |    385 |     46 |    257 |     63 |   1 |  431.0 |
               +--------+--------+--------+--------+--------+-----+--------+

Top non-repeatable levels by time:
     D:1: 431 daAuts
